 Dungeon Crawl Stone Soup version 0.31-a0-1008-g5b978dac0e (webtiles) character file.

Game seed: 14694235586971228956

12810315 Gonzollydolly the Intangible (level 27, 249/249 HPs)
             Began as a Merfolk Warper on Nov 2, 2023.
             Was the Champion of Zin.
             Escaped with the Orb
             ... and 15 runes on Nov 12, 2023!
             The game lasted 11:29:33 (125700 turns).

Gonzollydolly the Intangible (Merfolk Warper)     Turns: 125700, Time: 11:29:34

Health: 249/249    AC: 23    Str: 14    XL:     27
Magic:  47/47      EV: 38    Int: 15    God:    Zin [******]
Gold:   7254       SH: 34    Dex: 27    Spells: 27/66 levels left

rFire   + + .        o - +9 double sword (heavy)
rCold   + + +        w - +7 tower shield
rNeg    . . .        h - +7 leather armour of Hedge Wizardry {rCorr Dex+2 SInv}
rPois   +            n - +2 hat "Ceox" {Drain rPois rC+++ Will+}
rElec   .            Z - +2 cloak {Will+}
rCorr   +            C - +2 pair of gloves {Dex+3}
SInv    +            q - +2 pair of boots {Fly}
Will    ++++.        L - amulet of regeneration
Stlth   ++           i - ring of protection from fire
HPRegen 1.41/turn    N - ring of Seagguw {Fly rF+}
MPRegen 0.30/turn

%: no passive effects
@: flying
A: (nimble swimmer 2), mertail
0: Orb of Zot
}: 15/15 runes: decaying, slimy, silver, golden, iron, obsidian, icy, bone,
abyssal, demonic, glowing, magical, fiery, dark, gossamer
a: Renounce Religion, Recite, Vitalisation, Imprison, Sanctuary, Donate Gold


You escaped.
You worshipped Zin.
Zin was exalted by your worship.
You visited 18 branches of the dungeon, and saw 88 of its levels.
You visited Pandemonium 2 times, and saw 12 of its levels.
You visited the Abyss 3 times.
You visited 1 bazaar.
You visited 1 ziggurat, and saw 7 of its levels.

You collected 20747 gold pieces.
You spent 6338 gold pieces at shops.
You donated 7155 gold pieces to Zin.

Inventory:

Hand Weapons
 o - a +9 heavy double sword (weapon)
 t - a +7 double sword of holy wrath
 X - the +12 scimitar of Prudence {spect, rElec rF+ rC+ Will+}
   (You found it on level 1 of the Swamp)

   rF+:       It protects you from fire.
   rC+:       It protects you from cold.
   rElec:     It insulates you from electricity.
   Will+:     It increases your willpower.
Missiles
 a - 2 throwing nets
 d - 14 darts of dispersal
 e - 16 curare-tipped darts
 A - 47 silver javelins
 Y - 39 boomerangs (quivered)
Armour
 h - the +7 leather armour of Hedge Wizardry (worn) {rCorr Dex+2 SInv}
   (You bought it in a shop on level 6 of the Dungeon)

   Dex+2:     It affects your dexterity (+2).
   SInv:      It lets you see invisible.
   rCorr:     It protects you from acid and corrosion.
 n - the +2 hat "Ceox" (worn) {Drain rPois rC+++ Will+}
   (Okawaru gifted it to you on level 3 of the Lair of Beasts)

   rC+++:     It renders you almost immune to cold.
   rPois:     It protects you from poison Will+: It increases your willpower.
   Drain:     It drains your maximum health when unequipped.
 q - a +2 pair of boots of flying (worn)
 w - a +7 tower shield (worn)
 C - a +2 pair of gloves of dexterity (worn)
 K - the +4 ring mail "Elytwuso" {rElec Int+7}
   (You found it on level 3 of the Tomb of the Ancients)

   Int+7:     It affects your intelligence (+7).
   rElec:     It insulates you from electricity.
 Z - a +2 cloak of willpower (worn)
Jewellery
 i - a ring of protection from fire (left hand)
 p - a +6 ring of dexterity
 y - the ring "Lieseil" {*Slow rF+ Int+2 Slay+4}
   (You found it on level 3 of the Tomb of the Ancients)

   [ring of slaying]

   Int+2:     It affects your intelligence (+2).
   Slay+4:    It affects your accuracy & damage with ranged weapons and melee
   (+4).
   rF+:       It protects you from fire.
   *Slow:     It may slow you when you take damage.
 I - a +6 ring of dexterity
 L - an amulet of regeneration (around neck)
 N - the ring of Seagguw (right hand) {Fly rF+}
   (You found it on level 2 of the Realm of Zot)

   [ring of flight]

   rF+:       It protects you from fire.
   Fly:       It grants you flight.
 Q - the ring "Latz" {rElec rF+ Str+3 Dex-5}
   (You found it on level 5 of the Vaults)

   [ring of protection from fire]

   Str+3:     It affects your strength (+3).
   Dex-5:     It affects your dexterity (-5).
   rF+:       It protects you from fire.
   rElec:     It insulates you from electricity.
Wands
 k - a wand of iceblast (98)
 m - a wand of quicksilver (64)
 E - a wand of paralysis (41)
 G - a wand of polymorph (8)
 M - a wand of digging (35)
 U - a wand of mindburst (5)
Scrolls
 c - 7 scrolls of blinking
 s - 8 scrolls of teleportation
 u - 14 scrolls of fog
 v - a scroll of summoning
 x - a scroll of vulnerability
 F - 8 scrolls of fear
 S - 6 scrolls of silence
Potions
 b - 2 potions of heal wounds
 f - 28 potions of curing
 j - 3 potions of brilliance
 r - 3 potions of cancellation
 B - 10 potions of mutation
 D - 4 potions of resistance
 H - 6 potions of might
 O - a potion of magic
 T - 12 potions of enlightenment
Miscellaneous
 g - a phial of floods
 l - a lightning rod (4/4)
 z - a phantom mirror
 J - a figurine of a ziggurat
 R - a sack of spiders
 V - a tin of tremorstones (2/2)


   Skills:
 O Level 27 Fighting
 O Level 27 Long Blades
 + Level 18.7 Throwing
 - Level 10.7 Armour
 O Level 27 Dodging
 - Level 9.0 Stealth
 - Level 25.0 Shields
 - Level 20.0 Spellcasting
 * Level 19.5 Translocations
 - Level 6.0 Transmutations
 - Level 8.2 Air Magic
 - Level 25.0 Invocations
 - Level 17.8 Evocations
 - Level 23.6 Shapeshifting


You had 27 spell levels left.
You knew the following spells:

 Your Spells              Type           Power      Damage    Failure   Level
a - Blink                 Tloc           100%       N/A       0%          2
b - Lesser Beckoning      Tloc           100%       N/A       0%          2
c - Gell's Gravitas       Tloc           65%        N/A       0%          3
d - Manifold Assault      Tloc           65%        N/A       0%          4
e - Vhi's Electric Charg  Tloc/Air       100%       N/A       1%          4
f - Swiftness             Air            39%        N/A       1%          3
g - Apportation           Tloc           100%       N/A       0%          1
h - Passage of Golubria   Tloc           65%        N/A       0%          4
i - Wereblood             Tmut           33%        N/A       1%          2
j - Dispersal             Tloc           32%        N/A       1%          6
k - Disjunction           Tloc           32%        N/A       11%         8

Your spell library contained the following spells:

 Spells                   Type           Power      Damage    Failure   Level
 Teleport Other           Tloc           65%        N/A       0%          3
 Sting                    Tmut/Pois      96%        1d7       1%          1
 Poisonous Vapours        Pois/Air       54%        N/A       1%          2
 Static Discharge         Conj/Air       54%        3-6/arc   1%          2
 Volatile Blastmotes      Fire/Tloc      88%        2d17      1%          3
 Airstrike                Air            19%        2d(3-19)  1%          4
 Dimensional Bullseye     Hex/Tloc       22%        N/A       1%          4
 Iskenderun's Mystic Bla  Conj/Tloc      44%        2d10      1%          4
 Cigotuvi's Dreadful Rot  Necr/Pois/Air  46%        N/A       2%          2
 Passwall                 Tmut/Erth      20%        N/A       2%          2
 Summon Forest            Summ/Tloc      22%        N/A       2%          5
 Foxfire                  Conj/Fire      60%        2x1d7     4%          1
 Freeze                   Ice            60%        1d7       4%          1
 Kiss of Death            Conj/Necr      60%        2d10      4%          1
 Magic Dart               Conj           60%        1d6       4%          1
 Necrotise                Necr           60%        1d7       4%          1
 Sandblast                Erth           30%        2d9       4%          1
 Mephitic Cloud           Conj/Pois/Air  23%        N/A       4%          3
 Ignite Poison            Fire/Tmut/Pois 21%        N/A       7%          3
 Call Imp                 Summ           30%        N/A       8%          2
 Ensorcelled Hibernation  Hex/Ice        30%        N/A       8%          2
 Jinxbite                 Hex            30%        N/A       8%          2
 Searing Ray              Conj           30%        2d5       8%          2
 Sublimation of Blood     Necr           15%        N/A       8%          2
 Summon Lightning Spire   Summ/Air       27%        N/A       10%         4
 Petrify                  Tmut/Erth      24%        N/A       14%         4
 Call Canine Familiar     Summ           15%        N/A       16%         3
 Confusing Touch          Hex            15%        N/A       16%         3
 Dazzling Flash           Conj/Hex       30%        N/A       16%         3
 Frozen Ramparts          Ice            30%        1d5       16%         3
 Hailstorm                Conj/Ice       15%        3d5       16%         3
 Inner Flame              Hex/Fire       15%        N/A       16%         3
 Sigil of Binding         Hex            15%        N/A       16%         3
 Stone Arrow              Conj/Erth      30%        3d8       16%         3
 Summon Guardian Golem    Hex/Summ       15%        N/A       16%         3
 Tukima's Dance           Hex            15%        N/A       16%         3
 Vampiric Draining        Necr           15%        2d7       16%         3
 Alistair's Intoxication  Tmut/Pois      16%        N/A       38%         5
 Irradiate                Conj/Tmut      12%        3d15      38%         5
 Yara's Violent Unravell  Hex/Tmut       12%        3d7       38%         5
 Freezing Cloud           Conj/Ice/Air   11%        6-21      43%         5
 Anguish                  Hex/Necr       7%         N/A       45%         4
 Animate Armour           Summ/Erth      30%        N/A       45%         4
 Animate Dead             Necr           15%        N/A       45%         4
 Brom's Barrelling Bould  Conj/Erth      15%        2d4       45%         4
 Dispel Undead            Necr           15%        3d10      45%         4
 Flame Wave               Conj/Fire      15%        2d7       45%         4
 Fulminant Prism          Conj/Hex       7%         3d7       45%         4
 Leda's Liquefaction      Hex/Erth       7%         N/A       45%         4
 Olgreb's Toxic Radiance  Pois           15%        N/A       45%         4
 Summon Ice Beast         Ice/Summ       15%        N/A       45%         4
 Agony                    Necr           15%        N/A       80%         5
 Borgnjor's Vile Clutch   Necr/Erth      7%         N/A       80%         5
 Fireball                 Conj/Fire      7%         3d5       80%         5
 Iskenderun's Battlesphe  Conj           15%        2d7       80%         5
 Lee's Rapid Deconstruct  Erth           7%         3d7*      80%         5
 Metabolic Englaciation   Hex/Ice        7%         N/A       80%         5
 Summon Mana Viper        Hex/Summ       15%        N/A       80%         5
 Conjure Ball Lightning   Conj/Air       13%        3x3d6     82%         6
 Plasma Beam              Fire/Air       13%        2x1d24    82%         6
 Bombard                  Conj/Erth      7%         9d2       100%        6
 Death Channel            Necr           7%         N/A       100%        6
 Simulacrum               Ice/Necr       7%         N/A       100%        6
 Starburst                Conj/Fire      7%         6d4       100%        6
 Enfeeble                 Hex            7%         N/A       100%        7
 Haunt                    Necr/Summ      7%         N/A       100%        7
 Monstrous Menagerie      Summ           7%         N/A       100%        7
 Orb of Destruction       Conj           7%         9d6       100%        7
 Summon Hydra             Summ           7%         N/A       100%        7
 Borgnjor's Revivificati  Necr           7%         N/A       100%        8
 Infestation              Necr           7%         N/A       100%        8
 Lehudib's Crystal Spear  Conj/Erth      7%         10d3      100%        8
 Maxwell's Capacitive Co  Air            19%        ∞         100%        8
 Death's Door             Necr           7%         N/A       100%        9


Dungeon Overview and Level Annotations

Branches:
Dungeon (15/15)            Temple (1/1) D:5            Lair (5/5) D:9
  Swamp (4/4) Lair:2       Spider (4/4) Lair:2        Slime (5/5) Lair:5
    Orc (2/2) D:9             Elf (3/3) Orc:2        Vaults (5/5) D:14
  Crypt (3/3) Vaults:2       Tomb (3/3) Crypt:3      Depths (4/4) D:15
   Hell (visited)             Dis (7/7) Hell            Geh (7/7) Hell
    Coc (7/7) Hell            Tar (7/7) Hell            Zot (5/5) Depths:4

Altars:
Ashenzari
Cheibriados
Dithmenos
Elyvilon
Fedhas
Gozag
Hepliaklqana
Kikubaaqudgha
Makhleb
Nemelex Xobeh
Okawaru
Qazlal
Ru
Sif Muna
Trog
Uskayaw
Vehumet
Wu Jian
Xom
Yredelemnul
Zin
The Shining One
Jiyva

Shops:
D:5 (   D:6 **   D:9 !   D:10 *   Orc:2 [??(   Vaults:2 [   Vaults:4 (
Vaults:5 [   Depths:3 (?

Portals:
Hell: Depths:1 Depths:2 Depths:3 Depths:4
Abyss: Depths:3
Pandemonium: Depths:2 Depths:4

Annotations:
Lair:5 3 runed translucent doors, Armakuni's ghost, journeyman MeCj
Swamp:1 Roxanne
Elf:2 3 runed translucent doors
Crypt:2 1 runed translucent door, Qyg Kex's ghost, adept OpEE
Depths:1 1 runed translucent door


Innate Abilities, Weirdness & Mutations

((You are very nimble when in or above water. (Stealth+, EV+, Speed+++)))
Your lower body shifts to a powerful aquatic tail in water.


Message History

You kill the Orb Guardian!
There is a stone staircase leading up here.
You fly upwards.
There is a stone staircase leading down here.
Aiming: Dig
Press: ? - help, Shift-Dir - straight line A rock wall.
This square is covered in magical glow.
The rock shatters into small pieces.
There is a stone staircase leading up here.
You fly upwards.
There is a stone staircase leading down here.
There is a stone staircase leading up here.
You fly upwards.
There is a stone staircase leading down here.
There is a stone staircase leading up here.
There is a stone staircase leading up here.
You fly upwards.
There is a stone staircase leading down here.
There is a stone staircase leading up here.
You fly upwards.
There is a stone staircase leading down here.
A Hell Sentinel comes into view.
Aiming: Dig
Press: ? - help, Shift-Dir - straight line A rock wall.
This square is covered in magical glow.
The rock shatters into small pieces.
The Hell Sentinel gestures at you.
The sphere of damnation explodes!
The damnation engulfs you!
There is a stone staircase leading up here.
You fly upwards.
There is a stone staircase leading down here.
There is a stone staircase leading up here.
You fly upwards.
There is a stone staircase leading down here.
A large abomination comes into view.
There is an open door here.
There is a staircase leading out of the dungeon here.
You have escaped!

#.#.###.........# #... #.#.#
#####.....###... ###...#
#......##... #####.....#
#......##...
#.........#######......##.##
#.....##...................#
#........⌠...⌠........#....#
#[....#...###........##....#
#.....##..#@#........##....#
#.........#'#........##....#
#.....#..⌠..X⌠.......##....#
#.....##.............##....#
###############......#######
#......# ########


You could see a large abomination.

Vanquished Creatures
  Cerebov (Pan)
  Antaeus (Coc:7)
  Dissolution (Slime:1)
  the Royal Jelly (Slime:5)
  Ignacio (Pan)
  A seraph (Pan)
  the Serpent of Hell (Geh:7)
  Lom Lobon (Pan)
  3 dread liches
  Dispater (Dis:7)
  4 ancient liches
  11 orbs of fire
  A juggernaut (Abyss:4)
  Josephina (Zot:2)
  4 pandemonium lords
  33 royal mummies
  Bai Suzhen (Swamp:4)
  5 shard shrikes
  4 Killer Klowns
  Saint Roka (Orc:2)
  Margery (Depths:4)
  Xtahua (Vaults:2)
  Geryon (Hell)
  16 golden dragons
  38 caustic shrikes
  21 profane servitors
  18 bone dragons
  A pearl dragon (Pan)
  2 electric golems
  11 doom hounds
  22 Tzitzimimeh
  23 Brimstone Fiends
  A shard shrike zombie (Hell)
  15 tentacled monstrosities
  15 hellephants
  8 iron giants (Dis:7)
  19 Hell Sentinels
  2 spectral shard shrikes
  14 Ice Fiends
  24 tainted leviathans
  23 Orb Guardians
  9 liches
  4 quicksilver dragons
  12 deep elf blademasters
  34 titans
  9 deep elf master archers
  15 sphinxes
  24 searing wretches
  10 death cobs
  16 acid blobs
  30 Executioners
  29 ancient champions
  14 storm dragons
  An eldritch tentacle (Pan)
  8 tentacled starspawn
  Aizul (Spider:3)
  7 shadow dragons
  Kirke (Swamp:4)
  6 tengu reavers
  3 revenants
  5 thorn hunters
  2 fenstrider witches (Swamp:1)
  6 rockslimes
  31 azure jellies
  The ghost of Ypsiuj the Thaumaturge, an adept GnSk of Makhleb (Swamp:2)
  38 fire giants
  7 draconian knights
  5 demonspawn warmongers
  9 iron dragons
  5 draconian monks
  15 quicksilver elementals
  28 narguns
  13 vault wardens
  15 daevas
  8 deep elf sorcerers
  2 spectral caustic shrikes
  29 frost giants
  59 balrugs
  2 spectral juggernauts (Depths:3)
  9 ghost moths
  7 emperor scorpions
  The ghost of jt the Severer, an adept GrWr of Hepliaklqana (Swamp:1)
  3 draconian stormcallers
  3 draconian scorchers
  12 curse skulls
  4 deep elf elementalists
  22 ironbound preservers
  5 demonspawn corrupters (Pan)
  31 angels
  6 quicksilver oozes
  2 demonspawn blood saints (Pan)
  2 draconian annihilators
  5 ghouls
  7 draconian shifters
  14 cacodemons
  The ghost of Zgarb the Marksvine stalker, an adept VSSh of Wu Jian (Spider:1)
  32 war gargoyles
  7 reapers
  2 spriggan defenders (Depths:3)
  11 shard shrike simulacra
  4 broodmothers
  28 stone giants
  11 vampire knights
  11 very ugly things
  18 ophanim
  A juggernaut skeleton (Depths:2)
  2 caustic shrike skeletons
  5 ironbound thunderhulks
  9 green draconians
  14 formless jellyfish
  17 elemental wellsprings
  25 apis (Pan)
  3 spectral titans
  14 black draconians
  9 deep elf demonologists
  4 demonspawn black suns
  2 eleionomae
  6 bennus (Tomb:3)
  4 bunyips
  A dire elephant (shapeshifter) (Abyss:4)
  28 putrid mouths
  16 dire elephants
  12 purple draconians
  11 eidola
  7 spark wasps
  9 red draconians
  9 white draconians
  21 yellow draconians
  7 deep elf annihilators
  11 lorocyprocas (Pan)
  8 ettins
  A crystal guardian (Vaults:4)
  8 deep elf death magi
  16 wendigos
  17 jiangshi
  23 mummy priests
  15 blizzard demons
  2 spectral quicksilver dragons
  11 fire dragons
  9 green deaths
  13 iron golems
  14 yaktaur captains
  7 deep elf high priests
  A spectral golden dragon (Depths:3)
  A quicksilver dragon skeleton (Tomb:3)
  2 shambling mangroves (Swamp:4)
  9 hell beasts
  13 ice dragons
  4 spectral spriggans
  5 spriggan zombies
  18 salamander tyrants
  A spectral sphinx (Depths:3)
  A spectral tengu (Depths:3)
  12 great orbs of eyes
  2 peacekeepers
  2 spectral shadow dragons (Depths:3)
  3 rakshasas
  5 alligators
  5 juggernaut simulacra
  45 vault guards
  12 caustic shrike simulacra
  An ogre mage (Vaults:5)
  9 ironbound frosthearts
  2 jorogumos
  6 two-headed ogres
  28 hydras
  11 centaur warriors
  2 ghost crabs
  9 stokers
  5 spriggan air magi
  5 boulder beetles
  5 spriggan skeletons
  56 hell hogs
  3 death knights
  6 deep troll earth magi
  22 dancing weapons
  A titan zombie (Vaults:2)
  10 death yaks
  2 fenstrider witch skeletons
  36 death scarabs
  2 spectral frost giants (Depths:3)
  2 tengu warriors (Depths:2)
  25 demonic crawlers
  A sphinx skeleton (Zig:5)
  7 vampire magi
  11 deep troll shamans
  5 occultists
  Urug (Orc:1)
  An orc high priest (Elf:3)
  17 hell knights
  40 soul eaters
  7 thrashing horrors
  7 wretched stars
  3 spectral dire elephants
  Sonja (D:13)
  7 spriggan berserkers
  23 deep elf knights
  2 spectral storm dragons (Depths:3)
  8 shadow wraiths
  13 crystal echidnas
  96 sun demons
  2 titan skeletons
  A spectral bunyip (Tar:1)
  62 deep trolls
  49 skeletal warriors
  20 sixfirhies
  A spectral anaconda (Tar:3)
  2 sun moths (Spider:4)
  5 pharaoh ants
  A spectral spark wasp (Depths:3)
  6 quicksilver dragon simulacra
  A sea snake (shapeshifter) (Depths:1)
  8 iron trolls
  9 orb spiders
  6 shadow demons
  20 cherubim
  A spectral hydra (Tar:3)
  5 goliath frogs
  8 glowing orange brains
  2 spectral iron dragons (Depths:3)
  A bunyip zombie (Hell)
  3 spriggan druids
  5 flayed ghosts
  A shadow dragon zombie (Crypt:2)
  2 steelbarb worms (Spider:4)
  2 anaconda zombies (Hell)
  20 deep elf archers
  13 phantasmal warriors
  A bunyip skeleton (Pan)
  4 obsidian statues
  9 swamp dragons
  6 orc knights
  6 arcanists
  8 spriggan simulacra
  4 anaconda skeletons
  7 bog bodies
  2 fenstrider witch simulacra (Coc:1)
  17 necromancers
  16 ironbound convokers
  32 deep elf pyromancers
  29 deep elf zephyrmancers
  4 oklob plants (Swamp:1)
  17 wolf spiders
  18 lindwurms
  5 orc sorcerers
  A spectral ettin (Tar:3)
  A steelbarb worm (shapeshifter) (Vaults:5)
  A wolf spider (shapeshifter) (Vaults:5)
  3 stone giant zombies
  A wolf spider zombie (D:15)
  A human zombie (Vaults:2)
  15 ugly things
  28 moths of wrath
  3 centaur zombies
  5 shining eyes
  5 cyclopes
  6 manticores
  27 elephants
  3 worldbinders
  2 spectral alligator snapping turtles
  2 will-o-the-wisps
  7 black mambas
  A toenail golem (Pan)
  2 rust devils
  A shadow dragon skeleton (Tomb:2)
  18 vault sentinels
  27 starcursed masses
  18 molten gargoyles
  2 spectral centaurs (Tar:1)
  6 ice statues
  3 naga zombies
  51 smoke demons
  5 titan simulacra
  8 torpor snails
  26 orange demons
  An eye of devastation (Slime:3)
  13 cane toads
  9 spectral swamp worms (Tar:7)
  Jeremiah (Lair:1)
  A gargoyle (D:11)
  6 centaur skeletons
  An alligator snapping turtle skeleton (Pan)
  15 efreet
  60 large abominations
  40 hellions
  4 bunyip simulacra
  6 komodo dragons
  6 naga skeletons
  3 kobold demonologists (D:11)
  A rime drake (shapeshifter) (Elf:1)
  35 tormentors
  5 unseen horrors
  4 rime drakes
  36 yaktaurs
  56 guardian mummies
  A catoblepas skeleton (Tomb:1)
  11 ancient zymes
  6 ice devils
  5 tengu conjurers
  3 spectral nagas
  15 freezing wraiths
  4 iron giant simulacra
  A grey draconian skeleton (Crypt:1)
  A silent spectre (Vaults:2)
  11 red devils
  2 golden dragon simulacra
  A spectral harpy (Tar:2)
  16 hornets
  13 polar bears
  12 meliai
  A yellow draconian skeleton (Crypt:1)
  17 hellwings
  7 trolls
  2 harpy zombies
  4 bloated husks
  2 shadow dragon simulacra
  8 raiju
  A tarantella (shapeshifter) (Vaults:5)
  21 tarantellas
  15 tyrant leeches
  A death drake skeleton (Crypt:1)
  2 dream sheep (Lair:5)
  2 harpy skeletons
  23 blink frogs
  A blink frog (shapeshifter) (D:15)
  An ettin zombie (Crypt:1)
  A slime creature (shapeshifter) (Vaults:5)
  4 stone giant simulacra
  21 jumping spiders
  3 glass eyes
  2 iron dragon simulacra
  147 slime creatures
  3 air elementals
  An ettin skeleton (Pan)
  2 fire dragon skeletons
  17 ushabtiu
  A centaur simulacrum (D:15)
  2 draconian simulacra (Zot:2)
  58 flying skulls
  A merfolk skeleton (Hell)
  2 vampires (D:11)
  7 wraiths
  8 spriggans
  11 fire elementals
  12 water elementals
  5 shadows
  29 ynoxinuls
  5 wyverns
  30 golden eyes
  28 yaks
  11 culicivoras
  22 chaos spawn
  6 dire elephant simulacra
  2 alligator snapping turtle simulacra
  2 basilisks (D:9)
  26 redbacks
  Grum (D:9)
  4 humans (Swamp:4)
  21 neqoxecs
  A minotaur simulacrum (Coc:1)
  3 steam dragons
  10 vampire mosquitoes
  A spatial vortex (Abyss:4)
  15 harpy simulacra
  2 merfolk zombies
  11 wargs
  15 swamp worms
  2 acid dragons
  14 water moccasins
  A hydra simulacrum (Coc:7)
  23 hell hounds
  38 orc warriors
  19 small abominations
  7 swamp drakes
  An elephant zombie (Crypt:1)
  4 ice beasts
  13 black bears
  A black mamba simulacrum (Crypt:3)
  3 sky beasts
  11 ettin simulacra
  6 boggarts
  10 ogres
  49 wolves
  A hog zombie (Crypt:2)
  8 centaurs
  A manticore skeleton (Crypt:1)
  3 kobold brigands
  13 bullfrogs
  Blork the orc (D:5)
  5 necrophages
  A human skeleton (Vaults:2)
  2 earth elementals (Elf:2)
  A komodo dragon skeleton (Crypt:2)
  6 naga simulacra
  A water moccasin zombie (Crypt:2)
  2 scorpions
  A glowing shapeshifter simulacrum (Vaults:2)
  8 wights
  A yaktaur skeleton (Crypt:2)
  17 killer bees
  A polar bear skeleton (Crypt:1)
  4 electric eels
  7 howler monkeys
  9 crimson imps
  2 jellies
  7 hounds
  2 quasits
  Crazy Yiuf (D:5)
  A gnoll bouda (D:9)
  16 orc priests
  3 iron imps
  Jessica (D:2)
  4 iguanas
  15 orc wizards
  An acid dragon skeleton (Crypt:1)
  45 mummies
  10 adders
  2 white imps
  8 ufetubi
  A worm (D:2)
  A dart slug (shapeshifter) (Vaults:3)
  51 orcs
  8 ball pythons
  5 bats
  4 endoplasms
  4 giant cockroaches
  5 goblins
  6 hobgoblins
  5 jackals
  8 quokkas
  3 frilled lizards
  30 kobolds
  A kobold skeleton (Crypt:2)
  2 rats (D:1)
  7 ball lightnings (Pan)
  12 creeping infernos
  14 fire vortices
  A lurking horror (Abyss:2)
  A starspawn tentacle (Abyss:4)
4522 creatures vanquished.

Vanquished Creatures (collateral kills)
  Asmodeus (Geh:7)
  Ereshkigal (Tar:7)
  Gloorx Vloq (Pan)
  Mnoleg (Pan)
  2 pandemonium lords (Pan)
  A shard shrike (Coc:6)
  4 caustic shrikes
  3 bone dragons
  4 profane servitors
  A doom hound (Tar:1)
  An iron giant (Dis:6)
  5 Tzitzimimeh
  A Hell Sentinel (Dis:2)
  A tainted leviathan (Tar:7)
  2 frost giants
  An iron dragon (Dis:5)
  3 balrugs
  A spectral caustic shrike (Tar:6)
  A cacodemon (Pan)
  A war gargoyle (Dis:2)
  A demonspawn blood saint (Pan)
  A spectral titan (Tar:5)
  A wendigo (Coc:1)
  4 putrid mouths
  A blizzard demon (Pan)
  An eidolon (Tar:6)
  A spectral stone giant (Tar:1)
  A death knight (Crypt:3)
  2 demonic crawlers (Pan)
  A soul eater (Pan)
  A deep elf knight (Pan)
  A crystal echidna (Dis:6)
  2 sun demons (Pan)
  A shadow wraith (Tar:1)
  A sixfirhy (Pan)
  A skeletal warrior (Crypt:1)
  A shadow demon (Pan)
  A spectral centaur (Tar:1)
  4 smoke demons (Pan)
  An orange demon (Pan)
  2 hellions
  A tormentor (Coc:6)
  A freezing wraith (Coc:6)
  A red devil (Pan)
  3 hellwings (Pan)
  3 large abominations (Pan)
  4 ynoxinuls (Pan)
  A neqoxec (Pan)
  2 chaos spawn (Pan)
  A harpy simulacrum (Coc:6)
83 creatures vanquished.

Vanquished Creatures (others)
  A caustic shrike (Dis:7)
  A profane servitor (Tar:7)
  A tentacled monstrosity (Vaults:5)
  3 fire giants
  A vault warden (Vaults:5)
  The ghost of Qemahefa the Bludgeoner, an adept GrFi of Okawaru (Swamp:2)
  An azure jelly (Coc:7)
  A frost giant (Vaults:5)
  A shard shrike simulacrum (Coc:3)
  A draconian stormcaller (Zot:1)
  A draconian scorcher (Zot:1)
  The ghost of MrCrawl the Eclecticist, a journeyman DrFE of Vehumet (Swamp:2)
  2 elemental wellsprings (Coc:3)
  A black draconian (Zot:1)
  A purple draconian (Zot:1)
  A green death (Pan)
  A deep elf high priest (Vaults:5)
  2 caustic shrike simulacra
  2 juggernaut simulacra
  An ogre mage (Vaults:5)
  A hell hog (Geh:3)
  2 occultists (Pan)
  A spriggan simulacrum (Coc:7)
  2 arcanists (Pan)
  A phantasmal warrior (Vaults:5)
  A deep elf pyromancer (Pan)
  A titan simulacrum (Coc:3)
  3 smoke demons (Pan)
  A storm dragon simulacrum (Zot:2)
  An anaconda simulacrum (Coc:1)
  A bunyip simulacrum (Coc:1)
  A tormentor (Tar:6)
  A dire elephant simulacrum (Coc:3)
  2 harpy simulacra
  A glowing shapeshifter skeleton (Depths:2)
  An ettin simulacrum (Coc:7)
  A naga simulacrum (Coc:3)
  5 ball lightnings
  3 spectral weapons
  16 starspawn tentacles
71 creatures vanquished.

Grand Total: 4676 creatures vanquished

Notes
Turn   | Place    | Note
-------+----------+-------------------------------------------
     0 | D:1      | Gonzollydolly the Merfolk Warper began the quest for the
                  | Orb.
     0 | D:1      | Reached XP level 1. HP: 16/16 MP: 3/3
   252 | D:1      | Reached XP level 2. HP: 21/22 MP: 5/5
   647 | D:1      | Reached XP level 3. HP: 25/27 MP: 6/6
  1193 | D:2      | Noticed Jessica
  1214 | D:2      | Killed Jessica
  1215 | D:2      | Reached XP level 4. HP: 23/33 MP: 7/7
  1417 | D:2      | Reached skill level 5 in Long Blades
  1843 | D:3      | Reached XP level 5. HP: 24/39 MP: 8/8
  2471 | D:4      | Found a burning altar of Makhleb.
  2480 | D:4      | Identified the +8 whip of the Magi {freeze, rElec rF-
                  | rCorr}
  2650 | D:4      | Noticed an ogre
  2676 | D:4      | Killed an ogre
  2677 | D:4      | Reached XP level 6. HP: 47/47 MP: 9/9
  3226 | D:4      | Reached skill level 1 in Stealth
  3465 | D:5      | Entered Level 5 of the Dungeon
  3628 | D:5      | Upgraded the game from 0.31-a0-983-g7b6862f502 to
                  | 0.31-a0-986-g5e6e4ef867
  3632 | D:5      | Found Eschan's Firing Range.
  3654 | D:5      | Reached XP level 7. HP: 46/52 MP: 10/10
  3690 | D:5      | Bought a throwing net for 33 gold pieces
  3903 | D:5      | Noticed Blork the orc
  4063 | D:5      | Found a runed translucent door.
  4064 | D:5      | Noticed Crazy Yiuf
  4269 | D:5      | Found a staircase to the Ecumenical Temple.
  4282 | Temple   | Entered the Ecumenical Temple
  4302 | Temple   | Became a worshipper of Warmaster Okawaru
  4427 | D:6      | Reached XP level 8. HP: 58/58 MP: 11/11
  4603 | D:6      | Reached skill level 1 in Invocations
  4675 | D:6      | Reached * piety under Okawaru
  4812 | D:6      | Found Tiel's General Store.
  4814 | D:6      | Found Leojuc's Specific Store.
  4846 | D:6      | Bought a scroll of torment for 114 gold pieces
  4846 | D:6      | Bought a scroll of immolation for 48 gold pieces
  4899 | D:6      | Reached skill level 10 in Long Blades
  5457 | D:7      | Reached XP level 9. HP: 64/64 MP: 10/12
  5817 | D:7      | Reached ** piety under Okawaru
  5906 | D:7      | Reached skill level 5 in Invocations
  6638 | D:8      | Reached skill level 5 in Dodging
  6930 | D:8      | Noticed a two-headed ogre
  6943 | D:8      | Killed a two-headed ogre
  6944 | D:8      | Reached XP level 10. HP: 70/70 MP: 10/13
  7278 | D:8      | Found a glowing golden altar of the Shining One.
  7278 | D:8      | Found a hide-covered altar of Uskayaw.
  7783 | D:9      | Found Heann's Distillery.
  7791 | D:9      | Bought a potion of haste for 140 gold pieces
  7791 | D:9      | Bought a potion of enlightenment for 70 gold pieces
  7971 | D:9      | Reached *** piety under Okawaru
  8161 | D:9      | Found a staircase to the Orcish Mines.
  8221 | D:9      | Reached skill level 5 in Throwing
  8238 | D:9      | Noticed Grum
  8240 | D:9      | Found a staircase to the Lair.
  8241 | D:9      | Noticed an elephant
  8266 | D:9      | Noticed a death yak
  8271 | D:9      | Killed Grum
  8315 | D:9      | Killed an elephant
  8315 | D:9      | Reached **** piety under Okawaru
  8316 | D:9      | Reached skill level 5 in Fighting
  8327 | D:9      | Killed a death yak
  8328 | D:9      | Reached skill level 5 in Translocations
  8328 | D:9      | Reached XP level 11. HP: 81/81 MP: 11/14
  8344 | D:9      | Learned a level 2 spell: Blink
  8347 | D:9      | Learned a level 2 spell: Lesser Beckoning
  8502 | D:9      | Found a sparkling altar of Nemelex Xobeh.
  8503 | D:9      | Found an ornate altar of the Wu Jian Council.
  8505 | D:9      | Found a bloodstained altar of Trog.
  8507 | D:9      | Found a stormy altar of Qazlal.
  8507 | D:9      | Found a broken altar of Ashenzari.
  8896 | D:9      | Upgraded the game from 0.31-a0-986-g5e6e4ef867 to
                  | 0.31-a0-988-g08d55dae12
  8897 | D:10     | Entered Level 10 of the Dungeon
  9167 | D:10     | Reached ***** piety under Okawaru
  9471 | D:10     | Found Birhooh's Gadget Gallery.
  9478 | D:10     | Bought a wand of iceblast (4) for 124 gold pieces
  9621 | D:11     | Learned a level 3 spell: Gell's Gravitas
  9667 | D:11     | Noticed a two-headed ogre
  9682 | D:11     | Killed a two-headed ogre
  9682 | D:11     | Received a gift from Okawaru
  9976 | D:11     | Noticed a skeletal warrior
 10300 | D:5      | Killed Crazy Yiuf
 10359 | D:5      | Killed Blork the orc
 10476 | Lair:1   | Entered Level 1 of the Lair of Beasts
 10611 | Lair:1   | Reached XP level 12. HP: 80/94 MP: 15/18
 10707 | Lair:1   | Reached skill level 5 in Spellcasting
 10761 | Lair:1   | Reached skill level 1 in Evocations
 10838 | Lair:1   | You fall into a shaft and drop 1 floor!
 10843 | Lair:2   | Received a gift from Okawaru
 10845 | Lair:2   | Noticed an eight-headed hydra
 10853 | Lair:2   | Killed an eight-headed hydra
 10963 | Lair:2   | Reached skill level 5 in Stealth
 11065 | Lair:2   | Received a gift from Okawaru
 11118 | Lair:2   | Found a staircase to the Swamp.
 11189 | Lair:2   | Reached skill level 5 in Evocations
 11450 | Lair:1   | Reached skill level 1 in Shields
 11504 | Lair:1   | Noticed Jeremiah
 11547 | Lair:1   | Killed Jeremiah
 11777 | Lair:1   | Reached XP level 13. HP: 99/99 MP: 20/20
 11889 | Lair:1   | Received a gift from Okawaru
 12107 | Lair:1   | Reached skill level 5 in Shields
 12825 | Lair:2   | Found a hole to the Spider Nest.
 13197 | Lair:2   | Learned a level 4 spell: Manifold Assault
 13330 | Lair:3   | Reached skill level 10 in Invocations
 13487 | Lair:3   | Reached skill level 1 in Armour
 13547 | Lair:3   | Identified the +7 sling "Onesu" {speed, rN+ rCorr Int+2}
 13621 | Lair:3   | Reached ****** piety under Okawaru
 13659 | Lair:3   | Acquired a +4 heavy double sword
 13659 | Lair:3   | Received a gift from Okawaru
 13660 | Lair:3   | Acquired the +2 hat "Ceox" {Drain rPois rC+++ Will+}
 13660 | Lair:3   | Received a gift from Okawaru
 14405 | Lair:4   | Received a gift from Okawaru
 14473 | Lair:4   | Learned a level 4 spell: Vhi's Electric Charge
 14477 | Lair:4   | Learned a level 3 spell: Swiftness
 14558 | Lair:4   | Reached skill level 1 in Air Magic
 14562 | Lair:4   | Reached XP level 14. HP: 94/106 MP: 21/21
 14985 | Lair:5   | Entered Level 5 of the Lair of Beasts
 15011 | Lair:5   | Reached skill level 15 in Long Blades
 15140 | Lair:5   | Found a runed translucent door.
 15143 | Lair:5   | Received a gift from Okawaru
 15612 | Lair:5   | Received a gift from Okawaru
 15833 | Lair:5   | Reached skill level 5 in Air Magic
 16298 | Lair:5   | Received a gift from Okawaru
 16675 | Lair:5   | Received a gift from Okawaru
 16765 | Lair:5   | Reached XP level 15. HP: 100/111 MP: 22/22
 16789 | Lair:5   | Identified the +3 scale mail "Borax" {Will++ Dex-4 Stlth+}
 17061 | Lair:5   | Reached skill level 10 in Translocations
 17119 | Lair:5   | Found a runed translucent gate.
 17120 | Lair:5   | Found a runed translucent gate.
 17121 | Lair:5   | Found a runed translucent gate.
 17123 | Lair:5   | Noticed Armakuni's ghost (journeyman MeCj)
 17135 | Lair:5   | Found a staircase to the Slime Pits.
 17624 | D:11     | Found an opulent altar of Gozag.
 17773 | D:11     | Learned a level 1 spell: Apportation
 17778 | D:11     | Learned a level 4 spell: Passage of Golubria
 17884 | D:12     | Identified a scroll of acquirement
 17885 | D:12     | Acquired the ring of the Sky {rElec rF- Str+8 Int+6 Slay+3}
 18776 | D:13     | Noticed Sonja
 18791 | D:13     | Killed Sonja
 19331 | Orc:1    | Entered Level 1 of the Orcish Mines
 19333 | Orc:1    | Noticed Urug
 19336 | Orc:1    | Killed Urug
 19336 | Orc:1    | Received a gift from Okawaru
 19506 | Orc:1    | Found a radiant altar of Vehumet.
 19592 | Orc:2    | Entered Level 2 of the Orcish Mines
 19719 | Orc:2    | Found a gateway to a bazaar.
 19864 | Orc:2    | Noticed Saint Roka
 20001 | Orc:2    | Killed Saint Roka
 20293 | Orc:2    | Found a staircase to the Elven Halls.
 20568 | Orc:2    | Found Eriytz's Magic Scroll Shoppe.
 20568 | Orc:2    | Found Dol Syje's Magic Scroll Shop.
 20568 | Orc:2    | Found Pyromy Lefing's Armour Boutique.
 20572 | Orc:2    | Found Istronnyt's Weapon Emporium.
 21107 | Orc:2    | Received a gift from Okawaru
 21549 | Bazaar   | Entered a bazaar
 21568 | Bazaar   | Found Luts's Antique Armour Emporium.
 21590 | Bazaar   | Found Loquqog's Antique Weapon Shoppe.
 21622 | Bazaar   | Found Titit's Distillery.
 21633 | Bazaar   | Found Pesiuby's Antique Weapon Shoppe.
 21644 | Bazaar   | Found Ejabeosy's Antique Weapon Emporium.
 21677 | Bazaar   | Bought a potion of curing for 36 gold pieces
 21677 | Bazaar   | Bought a potion of heal wounds for 60 gold pieces
 21677 | Bazaar   | Bought a potion of might for 48 gold pieces
 21677 | Bazaar   | Bought a potion of curing for 36 gold pieces
 21677 | Bazaar   | Bought 2 potions of curing for 72 gold pieces
 21677 | Bazaar   | Bought a potion of magic for 96 gold pieces
 21677 | Bazaar   | Bought 2 potions of curing for 72 gold pieces
 21677 | Bazaar   | Bought a potion of heal wounds for 60 gold pieces
 21721 | Bazaar   | Bought a dazzling leather armour for 196 gold pieces
 21721 | Bazaar   | Identified the +2 leather armour of the Northern Lights
                  | {Will+ Str+4 Dex-4} (You bought it in a shop in a bazaar)
 21770 | Orc:2    | Bought a scroll of enchant weapon for 120 gold pieces
 21771 | Orc:2    | Bought a scroll of enchant weapon for 112 gold pieces
 21938 | D:6      | Bought the +7 leather armour of Hedge Wizardry {rCorr Dex+2
                  | SInv} for 696 gold pieces
 21948 | D:6      | Bought a scroll of enchant weapon for 90 gold pieces
 22605 | D:14     | Found a white marble altar of Elyvilon.
 22693 | D:14     | Found a gate to the Vaults.
 22712 | D:14     | Reached skill level 10 in Fighting
 22712 | D:14     | Reached skill level 10 in Dodging
 22733 | D:14     | Reached XP level 16. HP: 110/123 MP: 23/26
 22757 | D:14     | Received a gift from Okawaru
 23099 | D:15     | Entered Level 15 of the Dungeon
 23863 | D:15     | Found a staircase to the Depths.
 24186 | Swamp:1  | Identified the "Xacuqau"
 24186 | Swamp:1  | Entered Level 1 of the Swamp
 24418 | Swamp:1  | Received a gift from Okawaru
 24496 | Swamp:1  | Noticed a fenstrider witch
 24498 | Swamp:1  | Noticed a thorn hunter
 24501 | Swamp:1  | Found a runed translucent gate.
 24501 | Swamp:1  | Found a runed translucent gate.
 24501 | Swamp:1  | Found a runed translucent gate.
 24504 | Swamp:1  | Noticed a fenstrider witch
 24507 | Swamp:1  | Noticed jt's ghost (adept GrWr)
 24533 | Swamp:1  | Identified the +12 scimitar of Prudence {spect, rElec rF+
                  | rC+ Will+}
 24589 | Swamp:1  | Noticed Roxanne
 24879 | Swamp:1  | Noticed a thorn hunter
 24886 | Swamp:1  | Killed a thorn hunter
 24886 | Swamp:1  | Noticed a thorn hunter
 24897 | Swamp:1  | Killed a thorn hunter
 25457 | Swamp:2  | Found a runed translucent gate.
 25461 | Swamp:2  | Found a runed translucent gate.
 25461 | Swamp:2  | Found a runed translucent gate.
 25628 | Swamp:2  | Noticed Qemahefa's ghost (adept GrFi)
 25629 | Swamp:2  | Noticed MrCrawl's ghost (journeyman DrFE)
 25629 | Swamp:2  | Noticed Ypsiuj's ghost (adept GnSk)
 25851 | Swamp:3  | Received a gift from Okawaru
 26138 | Swamp:3  | Received a gift from Okawaru
 26609 | Spider:1 | Entered Level 1 of the Spider Nest
 26820 | Spider:1 | Found a runed translucent gate.
 26820 | Spider:1 | Found a runed translucent gate.
 26820 | Spider:1 | Found a runed translucent gate.
 26820 | Spider:1 | Noticed Zgarb's ghost (adept VSSh)
 27095 | Spider:1 | Reached XP level 17. HP: 111/137 MP: 16/27
 28582 | Spider:2 | Received a gift from Okawaru
 31013 | Spider:3 | Identified the serpent talisman "Nyczus" {rF+ Str+2 Int+2
                  | Slay-2}
 31013 | Spider:3 | Noticed Aizul
 31019 | Spider:3 | Killed Aizul
 31019 | Spider:3 | Received a gift from Okawaru
 31662 | Swamp:4  | Entered Level 4 of the Swamp
 31721 | Swamp:4  | Reached skill level 15 in Fighting
 31746 | Swamp:4  | Identified the +0 flail "Vyweshro" {freeze, Will- Int+5}
 31892 | Swamp:4  | Noticed a tentacled monstrosity
 31900 | Swamp:4  | Killed a tentacled monstrosity
 32122 | Swamp:4  | Received a gift from Okawaru
 32386 | Swamp:4  | Got a decaying rune of Zot
 32484 | Swamp:4  | Reached XP level 18. HP: 139/149 MP: 25/30
 32655 | Swamp:4  | Noticed Kirke
 32658 | Swamp:4  | Killed Kirke
 32659 | Swamp:4  | Noticed Bai Suzhen
 32667 | Swamp:4  | Killed Bai Suzhen
 32667 | Swamp:4  | Received a gift from Okawaru
 33126 | D:10     | Bought a phial of floods for 520 gold pieces
 33240 | Vaults:1 | Entered Level 1 of the Vaults
 33975 | Vaults:1 | Received a gift from Okawaru
 34350 | Vaults:1 | Reached skill level 15 in Dodging
 34669 | Vaults:1 | Received a gift from Okawaru
 35096 | Vaults:2 | Reached skill level 10 in Evocations
 35160 | Vaults:2 | Identified the +3 leather armour of Day {+Blink rF+ Will-
                  | Int+2}
 35258 | Vaults:2 | Received a gift from Okawaru
 35272 | Vaults:2 | Reached XP level 19. HP: 144/155 MP: 18/31
 35493 | Vaults:2 | Noticed Xtahua
 35500 | Vaults:2 | Killed Xtahua
 35500 | Vaults:2 | Received a gift from Okawaru
 35769 | Vaults:2 | Found Xearch's Armour Boutique.
 36125 | Vaults:1 | Reached XP level 20. HP: 164/164 MP: 32/32
 36455 | Vaults:2 | Noticed a bone dragon
 36463 | Vaults:2 | Found a staircase to the Crypt.
 36469 | Vaults:2 | Killed a bone dragon
 36965 | Vaults:2 | Found a transporter.
 37019 | Vaults:2 | Found a bloodstained altar of Trog.
 37019 | Vaults:2 | Found the necklace of Bloodlust {Fury *Rage Will++ Int-3
                  | Slay+6}
 37167 | Vaults:2 | Received a gift from Okawaru
 38856 | Vaults:3 | Received a gift from Okawaru
 39334 | Vaults:3 | Reached skill level 10 in Spellcasting
 39481 | Vaults:3 | You fall into a shaft and drop 1 floor!
 39699 | Vaults:4 | Reached XP level 21. HP: 170/170 MP: 30/35
 39736 | Vaults:4 | Received a gift from Okawaru
 40540 | Vaults:3 | Identified the +7 arbalest of Foul Odours {penet, rElec
                  | Dex+2}
 41075 | Vaults:4 | Found Eminar's Weapon Emporium.
 41102 | Vaults:4 | Reached skill level 10 in Shields
 41448 | Vaults:4 | Paralysed by a formless jellyfish for 1 turns
 41667 | Vaults:4 | Upgraded the game from 0.31-a0-988-g08d55dae12 to
                  | 0.31-a0-995-g04711c9635
 42080 | Vaults:5 | Identified the of Cuppipn
 42080 | Vaults:5 | Identified the of Pioxko Zywk
 42080 | Vaults:5 | Identified the "Oceax"
 42080 | Elf:1    | Entered Level 1 of the Elven Halls
 42179 | Elf:1    | Received a gift from Okawaru
 43188 | Elf:1    | Received a gift from Okawaru
 43754 | Elf:2    | Identified the "Juowno Loha"
 43990 | Elf:2    | Paralysed by an air elemental for 1 turns
 44495 | Elf:2    | Found a runed translucent gate.
 44495 | Elf:2    | Found a runed translucent gate.
 44531 | Elf:2    | Found a runed translucent gate.
 44760 | Elf:2    | Upgraded the game from 0.31-a0-995-g04711c9635 to
                  | 0.31-a0-1001-g770356a28f
 45031 | Spider:4 | Entered Level 4 of the Spider Nest
 45038 | Spider:4 | Received a gift from Okawaru
 45352 | Spider:4 | Identified the +3 ring mail of Zin's Righteous Fury {-Tele
                  | +Inv SInv}
 45584 | Spider:4 | Identified the +4 long sword "Ryugoane" {drain, Dex+5}
 45916 | Spider:4 | Reached XP level 22. HP: 80/181 MP: 23/36
 46238 | Spider:4 | Received a gift from Okawaru
 46680 | Spider:4 | Got a gossamer rune of Zot
 47248 | Elf:3    | Entered Level 3 of the Elven Halls
 47802 | Elf:3    | Identified the +11 falchion "Veudecunlaff" {antimagic,
                  | Drain Fly rF++ Str-5}
 48359 | Elf:3    | Received a gift from Okawaru
 49060 | Elf:3    | Identified the +1 scale mail of Ofocraum {Int+2}
 50928 | Swamp:2  | Killed Ypsiuj's ghost
 50937 | Swamp:2  | Killed Qemahefa's ghost
 50937 | Swamp:2  | Killed MrCrawl's ghost
 50943 | Swamp:2  | Identified the +1 cloak "Pupnayc Enic" {*Slow Will+ Slay+3}
 51085 | Swamp:1  | Killed jt's ghost
 51102 | Swamp:1  | Received a gift from Okawaru
 51115 | Swamp:1  | Identified the +0 pair of gloves of Wiuka {Slay+5}
 51140 | Swamp:1  | Learned a level 2 spell: Wereblood
 51677 | Depths:1 | Entered Level 1 of the Depths
 51677 | Depths:1 | Found a gateway to Hell.
 51679 | Depths:1 | Reached skill level 1 in Transmutations
 51860 | Depths:1 | Found a runed translucent door.
 51860 | Depths:1 | Found a glowing silver altar of Zin.
 51948 | Depths:1 | Reached skill level 5 in Transmutations
 52061 | Depths:1 | Received a gift from Okawaru
 52081 | Depths:1 | Reached XP level 23. HP: 190/190 MP: 25/37
 53571 | Depths:2 | Found a one-way gate leading to the halls of Pandemonium.
 53656 | Depths:2 | Received a gift from Okawaru
 54702 | Depths:2 | Received a gift from Okawaru
 54753 | Depths:2 | Identified the ring of Kajealimm {*Slow rC+ Will+++ Dex+6}
 54821 | Depths:3 | Noticed a golden dragon
 54825 | Depths:3 | Killed a golden dragon
 55215 | Depths:3 | Found Jucy's Magic Scroll Emporium.
 55223 | Depths:3 | Bought a scroll of acquirement for 1092 gold pieces
 55223 | Depths:3 | Acquired 768 gold pieces
 55225 | Depths:3 | Found Yfeuqaepn's Antique Weapon Emporium.
 55251 | Depths:3 | Received a gift from Okawaru
 56173 | Depths:3 | Reached XP level 24. HP: 200/201 MP: 31/39
 56529 | Depths:3 | Noticed a royal mummy
 56549 | Depths:3 | Killed a royal mummy
 57088 | Depths:3 | Received a gift from Okawaru
 57091 | Depths:3 | Found a one-way gate to the infinite horrors of the Abyss.
 57694 | Vaults:2 | Found a transporter.
 57694 | Vaults:2 | Found a runed translucent door.
 57843 | Vaults:2 | Reached skill level 15 in Translocations
 57933 | Vaults:2 | Identified the +6 battleaxe "Ryntib" {vamp, rPois Will-
                  | Str+5}
 57937 | Vaults:2 | Identified the +0 plate armour of the Apprentice {Fly
                  | Int+2}
 58224 | Depths:4 | Entered Level 4 of the Depths
 58353 | Depths:4 | Noticed a caustic shrike
 58591 | Depths:4 | Noticed a caustic shrike
 58593 | Depths:4 | Noticed a caustic shrike
 58595 | Depths:4 | Noticed a caustic shrike
 58598 | Depths:4 | Killed a caustic shrike
 58610 | Depths:4 | Killed a caustic shrike
 58611 | Depths:4 | Reached skill level 5 in Armour
 58615 | Depths:4 | Killed a caustic shrike
 58615 | Depths:4 | Received a gift from Okawaru
 58620 | Depths:4 | Killed a caustic shrike
 58701 | Depths:4 | Found a gate to the Realm of Zot.
 58767 | Depths:4 | Noticed Margery
 58809 | Depths:4 | Killed Margery
 59232 | Depths:4 | Found a one-way gateway to a ziggurat.
 59234 | Depths:4 | Found a stormy altar of Qazlal.
 59614 | Depths:4 | Upgraded the game from 0.31-a0-1001-g770356a28f to
                  | 0.31-a0-1002-g8e65716e6e
 60001 | Vaults:5 | Entered Level 5 of the Vaults
 60062 | Vaults:5 | Noticed an ancient lich
 60070 | Vaults:5 | Killed an ancient lich
 60132 | Vaults:5 | Received a gift from Okawaru
 60333 | Vaults:5 | Reached XP level 25. HP: 211/211 MP: 34/39
 60527 | Vaults:5 | Identified the staff of Righteous Fury {rElec Str+4 Air}
 60589 | Vaults:5 | Noticed a dread lich
 60597 | Vaults:5 | Killed a dread lich
 60601 | Vaults:5 | Reached skill level 10 in Armour
 60680 | Vaults:5 | Received a gift from Okawaru
 60940 | Vaults:5 | Identified the +2 leather armour of Yesterday {rN+ Int+3}
 60956 | Vaults:5 | Received a gift from Okawaru
 61011 | Vaults:5 | Noticed an ancient lich
 61250 | Vaults:5 | Killed an ancient lich
 61387 | Vaults:5 | Found Eceir's Armour Shop.
 61712 | Vaults:5 | Got a silver rune of Zot
 62538 | Vaults:5 | Identified the +1 sling of Fortitude {elec, Fly rElec
                  | Str+2}
 62670 | Vaults:5 | Identified the ring "Latz" {rElec rF+ Str+3 Dex-5}
 63021 | Zot:1    | Entered Level 1 of the Realm of Zot
 63182 | Depths:4 | Learned a level 6 spell: Dispersal
 63188 | Zot:1    | Received a gift from Okawaru
 63987 | Zot:2    | Noticed an orb of fire
 64002 | Zot:2    | Killed an orb of fire
 64003 | Zot:2    | Reached XP level 26. HP: 223/223 MP: 10/39
 64006 | Zot:2    | Identified the ring of Guergh {Ice *Slow rN+ Str+6 Dex-4}
 64006 | Zot:2    | Noticed Josephina
 64014 | Zot:2    | Killed Josephina
 64015 | Zot:2    | Reached skill level 15 in Shields
 64187 | Zot:2    | Identified the ring of Seagguw {Fly rF+}
 64252 | Zot:2    | Received a gift from Okawaru
 64827 | Zot:2    | You are sucked into a shaft and drop 1 floor!
 65525 | Zot:3    | Reached skill level 10 in Throwing
 65696 | Zot:3    | Received a gift from Okawaru
 66599 | Zot:4    | Noticed a Killer Klown
 66607 | Zot:4    | Killed a Killer Klown
 66621 | Zot:4    | Received a gift from Okawaru
 67684 | Zot:4    | Noticed a Killer Klown
 67698 | Zot:4    | Killed a Killer Klown
 69193 | Slime:1  | Entered Level 1 of the Pits of Slime
 69348 | Slime:1  | Received a gift from Okawaru
 69862 | Slime:2  | Noticed Dissolution
 69875 | Slime:1  | Killed Dissolution
 70166 | D:10     | Bought a wand of digging (4) for 218 gold pieces
 70166 | D:10     | Bought a wand of quicksilver (4) for 218 gold pieces
 70166 | D:10     | Bought a tin of tremorstones (2/2) for 520 gold pieces
 70439 | Slime:2  | Reached XP level 27. HP: 226/229 MP: 38/40
 70734 | Slime:1  | Found a viscous altar of Jiyva.
 71102 | Slime:2  | Paralysed by a formless jellyfish for 1 turns
 72538 | Slime:5  | Identified the "Hosoutt"
 72538 | Slime:5  | Entered Level 5 of the Pits of Slime
 72632 | Slime:5  | Noticed the Royal Jelly
 72879 | Slime:5  | Gained mutation: You expend magic power (3 MP) to
                  | strengthen your wands. [a shining eye]
 72998 | Slime:5  | Found a viscous altar of Jiyva.
 73446 | Slime:5  | Gained mutation: You are vulnerable to cold. (rC-) [a
                  | shining eye]
 73665 | Slime:5  | Killed the Royal Jelly
 73973 | Slime:5  | Identified the +7 chain mail of Fallacy {Will+ Str+5 Dex+3}
 74185 | Slime:5  | Identified the ring "Ojuebeika" {Str+4 SInv}
 74208 | Slime:5  | Got a slimy rune of Zot
 75170 | Tomb:3   | Identified the "Igracasch"
 75170 | Tar:7    | Identified the "Ylaragh"
 75170 | Coc:7    | Identified the "Waenuvuy"
 75170 | Coc:7    | Identified the of Hydo
 75170 | Coc:7    | Identified the "Semuruso"
 75170 | Zig:1    | Entered Level 1 of a ziggurat
 75225 | Zig:2    | Entered Level 2 of a ziggurat
 75228 | Zig:2    | Reached skill level 1 in Shapeshifting
 75257 | Zig:3    | Entered Level 3 of a ziggurat
 75334 | Zig:4    | Entered Level 4 of a ziggurat
 75493 | Zig:5    | Entered Level 5 of a ziggurat
 75530 | Zig:5    | Found the amulet of the Air {Inacc Air Fly rElec RMsl}
 75574 | Zig:6    | Entered Level 6 of a ziggurat
 75588 | Zig:6    | Reached skill level 15 in Throwing
 75611 | Zig:6    | Identified the +2 hand axe "Ycuilude" {antimagic, *Rage
                  | rElec Str+7 Dex+3}
 75686 | Zig:7    | Entered Level 7 of a ziggurat
 75698 | Zig:7    | Noticed Axotaa the pandemonium lord
 75701 | Zig:7    | Killed Axotaa the pandemonium lord
 75702 | Zig:7    | Reached skill level 5 in Shapeshifting
 77411 | D:8      | Fell from the grace of Okawaru
 77411 | D:8      | Became a worshipper of the Shining One
 77801 | Crypt:1  | Entered Level 1 of the Crypt
 77812 | Crypt:1  | You are sucked into a shaft and drop 1 floor!
 77815 | Crypt:2  | Reached * piety under the Shining One
 77881 | Crypt:1  | Found a basalt altar of Yredelemnul.
 77948 | Crypt:2  | Reached ** piety under the Shining One
 78044 | Crypt:1  | Reached *** piety under the Shining One
 78300 | Crypt:1  | Reached **** piety under the Shining One
 78622 | Crypt:1  | Reached ***** piety under the Shining One
 79407 | Crypt:2  | Found a runed translucent door.
 79411 | Crypt:2  | Noticed Qyg Kex's ghost (adept OpEE)
 79713 | Crypt:3  | Entered Level 3 of the Crypt
 79736 | Crypt:3  | Reached ****** piety under the Shining One
 79744 | Crypt:3  | Reached skill level 10 in Shapeshifting
 79749 | Crypt:3  | Identified a +7 double sword of holy wrath (a +5 double
                  | sword blessed by the Shining One)
 79749 | Crypt:3  | Received a gift from the Shining One
 80262 | Crypt:3  | Found an ancient bone altar of Kikubaaqudgha.
 81351 | Crypt:3  | Found a staircase to the Tomb.
 81684 | Crypt:3  | Found the +18 shield of the Gong {Loud rN+ Will+ rCorr
                  | EV-5}
 82153 | Depths:3 | Voluntarily entered the Abyss.
 82277 | Abyss:1  | Reached skill level 15 in Invocations
 82677 | Depths:3 | Escaped the Abyss
 82962 | D:10     | Bought a phantom mirror for 520 gold pieces
 82962 | D:10     | Bought a sack of spiders for 520 gold pieces
 83573 | Depths:3 | Voluntarily entered the Abyss.
 83575 | Abyss:1  | Found a corrupted altar of Lugonu.
 83735 | Abyss:2  | Found a corrupted altar of Lugonu.
 83909 | Abyss:2  | Found a corrupted altar of Lugonu.
 83972 | Abyss:3  | Found a corrupted altar of Lugonu.
 84079 | Abyss:4  | Found a corrupted altar of Lugonu.
 84139 | Abyss:4  | Found a glowing golden altar of the Shining One.
 84148 | Abyss:4  | Paralysed by accursed screaming for 1 turns
 84190 | Abyss:4  | Noticed a juggernaut
 84197 | Abyss:4  | Killed a juggernaut
 84202 | Abyss:4  | Got an abyssal rune of Zot
 84321 | Abyss:4  | Found a corrupted altar of Lugonu.
 84365 | Depths:3 | Escaped the Abyss
 84624 | Hell     | Entered the Vestibule of Hell
 84624 | Hell     | Noticed Geryon
 84640 | Hell     | Killed Geryon
 84659 | Depths:3 | Reached skill level 15 in Shapeshifting
 84834 | Pan      | Entered Pandemonium
 84871 | Pan      | Found a transporter.
 84878 | Pan      | Found a transporter.
 84905 | Pan      | Found a transporter.
 85060 | Pan      | Found a transporter.
 85076 | Pan      | Found a transporter.
 86396 | Pan      | Noticed Widdyerph the pandemonium lord
 86399 | Pan      | Killed Widdyerph the pandemonium lord
 87192 | Pan      | Found an exit through the horrors of the Abyss.
 87285 | Pan      | Noticed Obusowimav the pandemonium lord
 87285 | Pan      | Gained mutation: You occasionally lose the ability to drink
                  | potions when taking damage. [a cacodemon]
 87293 | Pan      | Killed Obusowimav the pandemonium lord
 87327 | Pan      | Took an exit into the Abyss.
 87327 | Abyss:4  | Escaped into the Abyss
 87535 | Depths:4 | Escaped the Abyss
 88586 | D:9      | Bought a potion of mutation for 112 gold pieces
 88586 | D:9      | Bought a potion of mutation for 112 gold pieces
 88903 | Spider:1 | Killed Zgarb's ghost
 88913 | Spider:1 | Lost mutation: You are vulnerable to cold. (rC-) [potion of
                  | mutation]
 88913 | Spider:1 | Lost mutation: You occasionally lose the ability to drink
                  | potions when taking damage. [potion of mutation]
 88913 | Spider:1 | Lost mutation: You expend magic power (3 MP) to strengthen
                  | your wands. [potion of mutation]
 88913 | Spider:1 | Gained mutation: Your skin changes colour to match your
                  | surroundings (Stealth+). [potion of mutation]
 88913 | Spider:1 | Gained mutation: You have supernaturally acute eyesight.
                  | (SInv) [potion of mutation]
 88913 | Spider:1 | Gained mutation: You possess an exceptional clarity of
                  | mind. [potion of mutation]
 89314 | Pan      | Entered Pandemonium
 89314 | Pan      | Noticed Qoheaj the pandemonium lord
 89323 | Pan      | Killed Qoheaj the pandemonium lord
 89519 | Pan      | Identified the +0 robe "Ybles" {rElec}
 90075 | Pan      | Was forgiven by Okawaru
 90792 | Pan      | Entered the realm of Lom Lobon.
 90964 | Pan      | Found an exit through the horrors of the Abyss.
 91439 | Pan      | Noticed Lom Lobon
 91462 | Pan      | Killed Lom Lobon
 91487 | Pan      | Got a magical rune of Zot
 91596 | Pan      | Identified the of Atemefon
 91596 | Pan      | Entered the realm of Cerebov.
 91708 | Pan      | Identified the amulet "Hiuxecon" {Faith Dex+4}
 92496 | Pan      | Reached skill level 15 in Spellcasting
 92548 | Pan      | Identified the ring "Lezosm" {Fire Str+7 Int-2}
 92550 | Pan      | Identified the +0 spear of Esomow {freeze, rElec rF+}
 92673 | Pan      | Identified the staff of Dawn {rPois rF+ SInv Earth}
 92680 | Pan      | Identified the +5 ring mail of the Earth {Will++ Str-5}
 93077 | Pan      | Identified the +8 short sword "Olighal" {flame, *Corrode
                  | Int+6 Dex+3 Stlth+}
 93083 | Pan      | Identified the +9 quick blade of the Lettuce {drain, Str+6}
 93164 | Pan      | Found the +6 sword of Cerebov {flame}
 93164 | Pan      | Noticed Cerebov
 93191 | Pan      | Killed Cerebov
 93440 | Pan      | Got a fiery rune of Zot
 93628 | Pan      | Noticed Irahalox the pandemonium lord
 93646 | Pan      | Killed Irahalox the pandemonium lord
 93817 | Pan      | Found an exit through the horrors of the Abyss.
 94141 | Pan      | Gained mutation: You are vulnerable to cold. (rC-) [a
                  | neqoxec]
 94180 | Pan      | Entered the realm of Gloorx Vloq.
 94271 | Pan      | Found an exit through the horrors of the Abyss.
 94810 | Pan      | Noticed Gloorx Vloq
 94821 | Pan      | Killed Gloorx Vloq
 94831 | Pan      | Got a dark rune of Zot
 94906 | Pan      | Upgraded the game from 0.31-a0-1002-g8e65716e6e to
                  | 0.31-a0-1005-gfbdfbacc72
 95695 | Pan      | Found an exit through the horrors of the Abyss.
 95765 | Pan      | Noticed Ignacio
 95776 | Pan      | Killed Ignacio
 96156 | Pan      | Noticed Negu the pandemonium lord
 96195 | Pan      | Killed Negu the pandemonium lord
 96227 | Pan      | Got a demonic rune of Zot
 96303 | Pan      | Entered the realm of Mnoleg.
 96462 | Pan      | Gained mutation: Your body sometimes deteriorates upon
                  | taking damage. [a cacodemon]
 96544 | Pan      | Identified the +0 robe "Dehouruy" {Harm Str+5 Slay-3 SInv}
 96718 | Pan      | Noticed Mnoleg
 96729 | Pan      | Killed Mnoleg
 96807 | Pan      | Got a glowing rune of Zot
 96986 | Pan      | Identified the "Beegy"
 96986 | Pan      | Identified the "Mirouric"
 97457 | Pan      | Identified the +9 morningstar "Paoselul" {protect, rC+
                  | Int+3}
 97525 | Pan      | Noticed a seraph
 97540 | Pan      | Killed a seraph
 97572 | Pan      | Found a glowing golden altar of the Shining One.
 97630 | Pan      | Identified the +4 scimitar "Koluv" {holy, rF+ rC- Str+6
                  | Int-3}
 97632 | Pan      | Identified the +7 spear "Jaisay Sowa" {antimagic, rC+ rN+
                  | Will-}
 97647 | Pan      | Identified the +5 dire flail of Norip {flame, Drain rC+
                  | Str+2}
 97866 | Pan      | Identified the +4 sling "Evitec" {freeze, *Corrode rC-
                  | Dex+8}
 97882 | Pan      | Identified the +4 trident "Dokhloesur" {elec, rN+}
 98003 | Pan      | Identified the +2 chain mail of Kiem Kei {rElec Dex+2}
 98027 | Pan      | Identified the +1 robe of Somewhere Else {rC+ rCorr Dex-4
                  | Archmagi}
 98134 | Pan      | Found a white marble altar of Elyvilon.
 98735 | Pan      | Found a glowing silver altar of Zin.
 98771 | Pan      | Identified the +10 sling of the Furious {flame, *Slow rElec
                  | rF+}
 98943 | Depths:2 | Escaped Pandemonium
 99076 | Hell     | Found a gateway to the Iron City of Dis.
 99143 | Hell     | Found a gateway to the freezing wastes of Cocytus.
 99220 | Hell     | Found a gateway to the decaying netherworld of Tartarus.
 99273 | Hell     | Found a gateway to the ashen valley of Gehenna.
 99780 | Coc:1    | Entered Level 1 of Cocytus
 99798 | Coc:1    | Paralysed by a wendigo for 1 turns
101156 | Coc:5    | You are sucked into a shaft and drop 1 floor!
101357 | Coc:7    | Entered Level 7 of Cocytus
101986 | Coc:7    | Identified the +6 dagger "Arbiter" {freeze, Will++}
102579 | Coc:7    | Identified the +1 whip of the Eel {chaos, Str+4}
102682 | Coc:7    | Paralysed by a wendigo for 1 turns
103165 | Coc:7    | Noticed Antaeus
103181 | Coc:7    | Killed Antaeus
103182 | Coc:7    | Reached skill level 27 in Dodging
103219 | Coc:7    | Got an icy rune of Zot
103460 | Tar:1    | Entered Level 1 of Tartarus
104205 | Tar:4    | Reached skill level 27 in Fighting
104294 | Tar:4    | Reached skill level 15 in Evocations
105193 | Tar:7    | Entered Level 7 of Tartarus
106553 | Tar:7    | Identified the +7 broad axe "Dangic" {flame, rElec rF++
                  | Dex+2}
106924 | Tar:7    | Noticed Ereshkigal
106931 | Tar:7    | Killed Ereshkigal
106985 | Tar:7    | Found the +3 crown of Dyrovepreva {rElec Int+2 SInv}
106986 | Tar:7    | Identified the +0 plate armour of Donyotiuta {Contam Str+4
                  | Int+3}
106996 | Tar:7    | Got a bone rune of Zot
107214 | Dis:1    | Entered Level 1 of the Iron City of Dis
108689 | Dis:7    | Entered Level 7 of the Iron City of Dis
109885 | Dis:7    | Identified the +5 bardiche of Pimejubbi {drain, rPois rF+
                  | rN++}
109911 | Dis:7    | Identified the +6 demon blade "Conservator" {freeze, rCorr}
110089 | Dis:7    | Identified the +5 ring mail of Inac {Harm rElec rC+ Str-5
                  | Slay+2}
110261 | Dis:7    | Noticed Dispater
110454 | Dis:7    | Killed Dispater
110476 | Dis:7    | Got an iron rune of Zot
110484 | Dis:7    | Upgraded the game from 0.31-a0-1005-gfbdfbacc72 to
                  | 0.31-a0-1008-g5b978dac0e
111290 | Tomb:1   | Entered Level 1 of the Tomb of the Ancients
111315 | Tomb:1   | Acquired a book of the Warp
111817 | Tomb:1   | Noticed a royal mummy
111821 | Tomb:1   | Killed a royal mummy
111841 | Tomb:1   | Noticed a royal mummy
111844 | Tomb:1   | Killed a royal mummy
111915 | Tomb:1   | Identified the staff of Departure {rF+ Dex+2 Stlth+ Fire}
111918 | Tomb:1   | Noticed a royal mummy
111924 | Tomb:1   | Killed a royal mummy
112255 | Tomb:2   | Noticed a royal mummy
112256 | Tomb:2   | Noticed a royal mummy
112263 | Tomb:2   | Killed a royal mummy
112263 | Tomb:2   | Noticed a royal mummy
112266 | Tomb:2   | Killed a royal mummy
112271 | Tomb:2   | Noticed a royal mummy
112275 | Tomb:2   | Killed a royal mummy
112288 | Tomb:2   | Killed a royal mummy
112730 | Tomb:1   | Noticed a royal mummy
112734 | Tomb:1   | Killed a royal mummy
112736 | Tomb:1   | Noticed a royal mummy
112737 | Tomb:1   | Noticed a royal mummy
112740 | Tomb:1   | Killed a royal mummy
112740 | Tomb:1   | Noticed a royal mummy
112741 | Tomb:1   | Killed a royal mummy
112742 | Tomb:1   | Noticed a royal mummy
112743 | Tomb:1   | Gained mutation: Your body often deteriorates upon taking
                  | damage. [mutagenic glow]
112747 | Tomb:1   | Killed a royal mummy
112749 | Tomb:1   | Killed a royal mummy
112754 | Tomb:1   | Lost mutation: You possess an exceptional clarity of mind.
                  | [mutagenic glow]
112833 | Tomb:1   | Noticed a royal mummy
112835 | Tomb:1   | Killed a royal mummy
112950 | Tomb:1   | Noticed a royal mummy
112957 | Tomb:1   | Killed a royal mummy
112970 | Tomb:1   | Noticed a royal mummy
112982 | Tomb:1   | Killed a royal mummy
112985 | Tomb:1   | Noticed a royal mummy
112990 | Tomb:1   | Noticed a royal mummy
112991 | Tomb:1   | Killed a royal mummy
112998 | Tomb:1   | Noticed a royal mummy
112999 | Tomb:1   | Killed a royal mummy
113005 | Tomb:1   | Killed a royal mummy
113009 | Tomb:1   | Noticed a royal mummy
113013 | Tomb:1   | Killed a royal mummy
113013 | Tomb:1   | Noticed a royal mummy
113016 | Tomb:1   | Noticed a royal mummy
113017 | Tomb:1   | Killed a royal mummy
113022 | Tomb:1   | Killed a royal mummy
113023 | Tomb:1   | Noticed a royal mummy
113024 | Tomb:1   | Noticed a royal mummy
113029 | Tomb:1   | Killed a royal mummy
113032 | Tomb:1   | Killed a royal mummy
113665 | Tomb:3   | Entered Level 3 of the Tomb of the Ancients
113670 | Tomb:3   | Identified the +0 robe "Fekheo" {rF++ Str+2 Dex+3}
113681 | Tomb:3   | Noticed a royal mummy
113681 | Tomb:3   | Noticed a royal mummy
113697 | Tomb:3   | Killed a royal mummy
113701 | Tomb:3   | Killed a royal mummy
113704 | Tomb:3   | Noticed a royal mummy
113704 | Tomb:3   | Noticed a royal mummy
113710 | Tomb:3   | Killed a royal mummy
113713 | Tomb:3   | Killed a royal mummy
113716 | Tomb:3   | Noticed a royal mummy
113718 | Tomb:3   | Noticed a royal mummy
113722 | Tomb:3   | Killed a royal mummy
113726 | Tomb:3   | Killed a royal mummy
113734 | Tomb:3   | Noticed a royal mummy
113739 | Tomb:3   | Noticed a royal mummy
113740 | Tomb:3   | Noticed a royal mummy
113745 | Tomb:3   | Killed a royal mummy
113750 | Tomb:3   | Killed a royal mummy
113754 | Tomb:3   | Killed a royal mummy
114060 | Tomb:3   | Got a golden rune of Zot
114259 | Tomb:3   | Identified the +1 plate armour of Ashenzari, Building
                  | {Stlth+}
114895 | Geh:1    | Entered Level 1 of Gehenna
115024 | Geh:1    | You are sucked into a shaft and drop 1 floor!
115035 | Geh:2    | Noticed an ancient lich
115043 | Geh:2    | Killed an ancient lich
116461 | Geh:6    | Noticed a dread lich
116471 | Geh:6    | Killed a dread lich
116701 | Geh:7    | Entered Level 7 of Gehenna
116810 | Geh:7    | Noticed the Serpent of Hell
116829 | Geh:7    | Killed the Serpent of Hell
117396 | Geh:7    | Reached skill level 27 in Long Blades
117804 | Geh:7    | Found the +13 sceptre of Asmodeus
117804 | Geh:7    | Noticed Asmodeus
117829 | Geh:7    | Killed Asmodeus
118005 | Geh:7    | Got an obsidian rune of Zot
118057 | Geh:7    | Identified the +4 chain mail "Damockisk" {rElec rN+ Slay+4}
118717 | Depths:1 | Fell from the grace of the Shining One
118717 | Depths:1 | Became a worshipper of Zin the Law-Giver
118717 | Depths:1 | Reached * piety under Zin
118717 | Depths:1 | Reached ** piety under Zin
118717 | Depths:1 | Reached *** piety under Zin
118717 | Depths:1 | Reached **** piety under Zin
118718 | Depths:1 | Donated 7054 gold pieces to Zin
118747 | D:15     | Reached ***** piety under Zin
119080 | Crypt:3  | Reached ****** piety under Zin
119081 | Crypt:3  | Lost mutation: Your skin changes colour to match your
                  | surroundings (Stealth+). [potion of mutation]
119081 | Crypt:3  | Lost mutation: You are vulnerable to cold. (rC-) [potion of
                  | mutation]
119081 | Crypt:3  | Lost mutation: Your body often deteriorates upon taking
                  | damage. [potion of mutation]
119082 | Crypt:3  | Lost mutation: Your body sometimes deteriorates upon taking
                  | damage. [potion of mutation]
119082 | Crypt:3  | Lost mutation: You have supernaturally acute eyesight.
                  | (SInv) [potion of mutation]
119411 | Tomb:3   | Found the +8 arc blade {discharge, rElec}
119414 | Tomb:3   | Found the crystal ball of Wucad Mu {*channel}
119435 | Tomb:3   | Identified the +9 long sword of Uskayaw's Grace {venom,
                  | Str+3}
119446 | Tomb:3   | Identified the ring "Lieseil" {*Slow rF+ Int+2 Slay+4}
119474 | Tomb:3   | Identified the +4 ring mail "Elytwuso" {rElec Int+7}
119510 | Tomb:3   | Identified the +8 glaive of Uver Zop {vamp, Dex+6 Stlth+}
119532 | Tomb:3   | Learned a level 8 spell: Disjunction
121414 | Zot:5    | Entered Level 5 of the Realm of Zot
121976 | Depths:3 | Bought a scroll of teleportation for 63 gold pieces
121976 | Depths:3 | Bought a scroll of revelation for 157 gold pieces
121976 | Depths:3 | Bought a scroll of teleportation for 63 gold pieces
122280 | Zot:5    | Noticed an orb of fire
122288 | Zot:5    | Killed an orb of fire
122333 | Zot:5    | Noticed a dread lich
122334 | Zot:5    | Killed a dread lich
122343 | Zot:5    | Noticed an orb of fire
123228 | Zot:5    | Noticed an ancient lich
123239 | Zot:5    | Killed an ancient lich
123352 | Zot:5    | Noticed an orb of fire
123367 | Zot:5    | Noticed an orb of fire
123367 | Zot:5    | Noticed an orb of fire
123371 | Zot:5    | Noticed an orb of fire
123520 | Zot:5    | Killed an orb of fire
123761 | Zot:4    | Killed an orb of fire
123812 | Zot:5    | Killed an orb of fire
123909 | Zot:5    | Killed an orb of fire
124184 | Zot:5    | Killed an orb of fire
124303 | Zot:5    | Noticed an orb of fire
124314 | Zot:5    | Killed an orb of fire
124590 | Zot:5    | Noticed an orb of fire
124607 | Zot:5    | Killed an orb of fire
124838 | Zot:5    | Noticed an orb of fire
124843 | Zot:5    | Killed an orb of fire
124904 | Zot:5    | Noticed an orb of fire
124915 | Zot:5    | Killed an orb of fire
125006 | Zot:5    | Got the Orb of Zot
125270 | D:15     | Noticed Xehu Eku the pandemonium lord
125293 | D:14     | Noticed a seraph
125700 | D:$      | Escaped with the Orb!

Illustrated notes

Levels and vault maps discovered:
D:1:      scummos_arrival_simple_fountains, layout_basic
D:2:      layout_loops_ring, uniq_jessica
D:3:      layout_loops_cross, kennysheep_generic_room_12
D:4:      minmay_general_purpose_star, layout_loops_ring, bloody_makhleb,
          dreamdust_wishing_well
D:5:      layout_loops_ring, minmay_temple_entry_statues_pillars,
          nicolae_shop_firing_range, uniq_crazy_yiuf_cottage, uniq_blork_the_orc
D:6:      layout_loops_ring, chequers_serial_rivers_small_a,
          nicolae_specific_store
D:7:      layout_loops_cross
D:8:      layout_loops_ring, gammafunk_temple_overflow_wave,
          minmay_misc_feat_tower, kennysheep_big_empty_room
D:9:      kennysheep_spiral_hall, layout_basic, grunt_temple_overflow_open,
          david_lair_generic, orc_0_dummy, serial_shops, nicolae_shop_stone,
          uniq_grum
D:10:     layout_irregular_city, nicolae_shop_gadgets
D:11:     layout_cave_pools, nicolae_gozag_cash_rules_everything_around_me
D:12:     layout_roguey, serial_bayou_crossing
D:13:     layout_roguey, uniq_sonja
D:14:     nicolae_cairo_tiling_large, layout_basic,
          lightli_vaults_fourway_checkpoint, elyvilon_altar_4
D:15:     grunt_enter_depths_magical_seal, layout_long_grid,
          minmay_stone_trees_large
Temple:   nicolae_temple_two_arcs
Lair:1:   beast_lair_carwin_large_4, layout_small_grid,
          nicolae_lair_run_with_the_wolves, uniq_jeremiah
Lair:2:   layout_concentric_octagons, skrybe_swamp_entry_bodies,
          nicolae_spider_entry_orb_guardian, nicolae_lair_grazing_beasts
          [nicolae_sub_lair_graze_edge, nicolae_sub_lair_graze_edge,
          nicolae_sub_lair_graze_edge, nicolae_sub_lair_graze_edge]
Lair:3:   layout_chaotic_city, columned_hall_lemuel
Lair:4:   layout_loops_ring
Lair:5:   wormcave, layout_hall_layers, hangedman_lair_caniforms_friends,
          slime_entry_1, ebering_ghost_rock_garden, serial_bayou_shore_a
Swamp:1:  dpeg_oklob_gauntlet, layout_basic_swamp, gammafunk_ghost_split,
          evilmike_swamp_ruin_house_5, uniq_roxanne
Swamp:2:  layout_falls_marsh, gammafunk_ghost_cemetery,
          evilmike_swamp_ruin_rubble_1
Swamp:3:  layout_basic_swamp, hangedman_swamp_lotus, hangedman_swamp_wriggling
Swamp:4:  swamp, layout_basic_swamp, uniq_kirke, uniq_bai_suzhen
Spider:1: layout_cave_pods, ebering_ghost_rock_garden
Spider:2: layout_chambers, drop_trap
Spider:3: layout_chambers, uniq_aizul
Spider:4: guppyfry_spider_rune
Slime:1:  layout_caves, basic_altar, nicolae_slime_phagocytosis
Slime:2:  layout_caves, uniq_dissolution
Slime:3:  layout_caves
Slime:4:  cheibrodos_slime_lost_civilization_8, layout_caves
Slime:5:  slime_pit_nicolae_jellycorners
Orc:1:    layout_diamond_mine, basic_altar, uniq_urug
Orc:2:    st_orc_rangers, layout_diamond_mine, serial_shops, bzr_entry_dummy,
          uniq_saint_roka
Elf:1:    minmay_elf_arrival_plus, layout_onion_city, hangedman_elf_disciples,
          minmay_misc_feat_cross
Elf:2:    nicolae_elf_blades_splatter_lattice [grunt_blade_entry_basic],
          layout_geoelf_octagon
Elf:3:    minmay_elf_hall_not_hex, layout_onion_city, minivault_25,
          evilmike_minifort
Vaults:1: nicolae_vaults_asterisk, nicolae_vaults_puzzle_piece,
          dpeg_vaults_monster_row, grunt_vaults_swirl, v_misc_30,
          nicolae_vaults_swerve, nicolae_vaults_network_square, v_alt_pattern_4,
          v_misc_12, ontoclasm_vaults_shuriken, nicolae_vaults_tetromino_Z_1,
          vaults_room_guarded_vault, nicolae_vaults_house_2,
          layout_vaults_omnibox
Vaults:2: grunt_vaults_trifunnel, nicolae_vaults_trapezoid_2,
          emtedronai_trogs_sanctum, minmay_crypt_entry_nasty_monster,
          hangedman_vaults_cutoff, nicolae_vaults_sealed_display,
          ontoclasm_vaults_misaligned, nicolae_vaults_trapezoid_4,
          nicolae_vaults_wine_cellar, vaults_mumra_minichess,
          hangedman_vaults_trim, layout_vaults_quadrants, serial_shops,
          nicolae_shop_mannequins, uniq_xtahua
Vaults:3: ontoclasm_vaults_twist, nicolae_vaults_circle_grid_a,
          vaults_mumra_hex, vaults_room_stairs_pillars,
          nicolae_vaults_ring_of_whatevers, nicolae_vaults_trapezoid_lopsided_3,
          nicolae_vaults_ninety_degrees, hangedman_vaults_impose,
          ontoclasm_vaults_decontamination, grunt_vaults_twisty,
          nicolae_vaults_yaktaur_gun_rack, v_alt_pattern_6,
          nicolae_vaults_apartment_2, nicolae_vaults_tetromino_T_2,
          vaults_room_fours, layout_vaults_big_cross
Vaults:4: nicolae_vaults_offset_grid_hallway_3, vaults_mumra_lcd,
          nicolae_vaults_doubleplus_tesselated, nicolae_vaults_little_squares_5,
          vaults_standard_mumra_lines, ontoclasm_vaults_hangar, v_misc_22,
          vaults_standard_mumra_enter_the_diamond, hangedman_vaults_maws,
          nicolae_vaults_mitosis, layout_vaults_maze, serial_shops, shop
Vaults:5
Crypt:1:  layout_chaotic_city, lemuel_upstairs_altar
Crypt:2:  layout_gridlike, gammafunk_ghost_grave
Crypt:3:  grunt_crypt_end_deaths_head
Tomb:1
Tomb:2
Tomb:3
Depths:1: layout_cave_pools, hell_entry, fountainhead, lemuel_angel_altar
Depths:2: minmay_skeletal_surprise, layout_cave_shapes,
          grunt_hell_entry_demonic_statue, serial_sigils_hangedman_stare,
          grunt_pan_entry_spiral, infiniplex_staircase_pool_2, uniq_grunn
Depths:3: lemuel_minitomb, layout_basic, minmay_room_of_horrors, hell_entry,
          serial_bayou_pond_b, minmay_shop_star
Depths:4: grunt_zot_entry_pinwheel, layout_cave_pools, enter_ziggurat_e,
          minmay_misc_feat_doors, pan_entry, pf_hell_entry_great_geh,
          grunt_qazlal_sundering, infiniplex_staircase_pool_lava, uniq_margery
Hell
Dis:1:    layout_gridville
Dis:2:    nicolae_dis_array, layout_gridville, nicolae_hells_hurtin_island
Dis:3:    layout_regular_city
Dis:4:    layout_gridville, nicolae_dis_strange_trophy_room
Dis:5:    layout_subdivisions
Dis:6:    layout_regular_city
Dis:7:    iron_city_of_dis [dis_old, dis_wall_3], layout_gridville
Geh:1:    layout_gehenna_pools_basic, nicolae_geh_sunburst
Geh:2:    layout_gehenna_pools_triple, nicolae_geh_lavax
Geh:3:    layout_gehenna_lava_caves, evilmike_ambush
          [evilmike_ambush_outer_doors, evilmike_ambush_inner_cross]
Geh:4:    layout_gehenna_pools_basic
Geh:5:    layout_gehenna_lava_caves
Geh:6:    layout_gehenna_pools_basic
Geh:7:    geh_hangedman
Coc:1:    layout_cocytus_water_paths
Coc:2:    layout_cocytus_delve
Coc:3:    layout_cocytus_delve
Coc:4:    nicolae_coc_caina, layout_cocytus_water_paths
Coc:5:    layout_ice_bergs
Coc:6:    layout_cocytus_delve
Coc:7:    coc_mu
Tar:1:    layout_cathedral_of_symmetry
Tar:2:    layout_grid_maze, nicolae_tar_cuneiform_bird,
          nicolae_hells_seeping_fissure
Tar:3:    nicolae_tar_intersect_combbox, layout_cathedral_of_symmetry
Tar:4:    layout_grid_maze
Tar:5:    layout_catacombs, nicolae_tar_cuneiform_bread
Tar:6:    layout_honeycomb, nicolae_tar_stay_or_leave
Tar:7:    tar_minmay_river
Zot:1:    layout_onion_interference
Zot:2:    layout_concentric_octagons, regret_index_zotdec_banners,
          uniq_josephina
Zot:3:    layout_gridville, grunt_ministairs_5, regret_index_zotdec_bone_old,
          regret_index_zotdec_plus
Zot:4:    layout_cathedral_of_symmetry, grunt_ministairs_9, grunt_megastairs_2
Zot:5:    layout_gridville

Skill      XL: |  1  2  3  4  5  6  7  8  9 10 11 12 13 14 15 16 17 18 19 20 21 22 23 24 25 26 27 |
---------------+----------------------------------------------------------------------------------+-----
Long Blades    | 3 4 5 6 7 8 11 13 14 16 27 | 27.0
Dodging        | 3 5 7 10 12 15 16 18 19 20 27 | 27.0
Fighting       | 3 5 8 10 13 15 17 18 20 21 27 | 27.0
Stealth        | 2 4 5 9 |  9.0
Invocations    | 4 5 7 10 12 25 | 25.0
Throwing       | 2 5 7 9 13 18 | 18.7
Translocations | 5 7 8 9 10 11 13 15 16 19 | 19.5
Spellcasting   | 4 5 7 8 10 12 13 20 | 20.0
Evocations     | 5 8 9 10 11 12 14 17 | 17.8
Shields        | 3 5 6 8 9 12 13 14 15 25 | 25.0
Armour         | 3 9 10 | 10.7
Air Magic      | 1 6 7 8 |  8.2
Transmutations | 6 |  6.0
Shapeshifting  | 23 | 23.6

Action                     |  1- 3 |  4- 6 |  7- 9 | 10-12 | 13-15 | 16-18 | 19-21 | 22-24 | 25-27 || total
---------------------------+-------+-------+-------+-------+-------+-------+-------+-------+-------++-------
  Melee: Falchion          |   107 |    91 |       |       |       |       |       |       |       ||   198
         Whip              |       |    61 |   233 |       |       |       |       |       |       ||   294
         Punch             |       |       |     5 |     9 |       |       |       |       |       ||    14
         Long sword        |       |       |    29 |   689 |   242 |       |       |       |       ||   960
         Tailslap          |       |       |       |     4 |    12 |    20 |     4 |     5 |       ||    45
         Rapier            |       |       |       |     1 |    44 |       |       |       |       ||    45
         Double sword      |       |       |       |       |   691 |   769 |   812 |  1355 |  7692 || 11319
         Scimitar          |       |       |       |       |     4 |   161 |       |    20 |    24 ||   209
  Throw: Stone             |     8 |     6 |    26 |    30 |       |       |       |       |       ||    70
         Dart              |       |    11 |    30 |    47 |   153 |    19 |     4 |       |     3 ||   267
         Javelin           |       |       |     2 |     6 |    10 |       |       |     1 |    11 ||    30
         Throwing net      |       |       |       |     1 |       |       |       |     2 |     3 ||     6
         Boomerang         |       |       |       |       |    23 |   103 |       |     9 |    12 ||   147
   Cast: Manifold Assault  |       |       |       |       |    50 |   193 |   216 |   343 |  1863 ||  2665
         Lesser Beckoning  |       |       |       |       |    17 |       |       |       |     2 ||    19
         Vhi's Electric Ch |       |       |       |       |       |    36 |    29 |    24 |   280 ||   369
         Blink             |       |       |       |       |       |     2 |     1 |     3 |     4 ||    10
         Wereblood         |       |       |       |       |       |       |       |    14 |     7 ||    21
         Gell's Gravitas   |       |       |       |       |       |       |       |       |     2 ||     2
         Dispersal         |       |       |       |       |       |       |       |       |    15 ||    15
         Apportation       |       |       |       |       |       |       |       |       |     2 ||     2
         Passage of Golubr |       |       |       |       |       |       |       |       |     2 ||     2
 Invoke: Heroism           |       |       |     4 |    15 |    18 |    13 |    11 |    19 |    23 ||   103
         Receive Weapon    |       |       |       |       |     1 |       |       |       |       ||     1
         Receive Armour    |       |       |       |       |     1 |       |       |       |       ||     1
         Finesse           |       |       |       |       |     1 |       |       |     2 |     3 ||     6
         Cleansing Flame   |       |       |       |       |       |       |       |       |   109 ||   109
         Summon Divine War |       |       |       |       |       |       |       |       |    53 ||    53
         Divine Shield     |       |       |       |       |       |       |       |       |    18 ||    18
         Vitalisation      |       |       |       |       |       |       |       |       |     8 ||     8
         Recite            |       |       |       |       |       |       |       |       |     4 ||     4
         Donate Gold       |       |       |       |       |       |       |       |       |     1 ||     1
         Brand Weapon With |       |       |       |       |       |       |       |       |     1 ||     1
Ability: Begin Untransform |       |       |       |       |       |       |       |       |     1 ||     1
  Evoke: Wand              |       |       |       |     5 |     4 |       |       |     9 |    44 ||    62
         Phial of floods   |       |       |       |       |       |       |     1 |       |       ||     1
         Lightning rod     |       |       |       |       |       |       |       |     3 |     4 ||     7
         Tin of tremorston |       |       |       |       |       |       |       |       |     3 ||     3
         Phantom mirror    |       |       |       |       |       |       |       |       |     7 ||     7
         Sack of spiders   |       |       |       |       |       |       |       |       |     3 ||     3
    Use: Scroll            |       |     5 |     2 |    13 |    13 |     3 |     6 |     9 |    54 ||   105
         Potion            |       |     3 |     2 |     3 |       |     3 |     3 |     7 |    52 ||    73
   Stab: Sleeping          |     1 |     1 |     2 |     4 |     5 |       |     2 |     2 |     2 ||    19
         Held in net/web   |       |       |       |     3 |       |       |       |     1 |     3 ||     7
         Distracted        |       |       |       |     2 |     3 |     1 |       |     4 |     3 ||    13
 Armour: Leather armour    |    43 |    45 |   105 |    12 |    21 |   352 |   250 |   376 |   838 ||  2042
         Acid dragon scale |       |       |       |   271 |   482 |       |       |       |       ||   753
         Skin              |       |       |       |       |       |       |       |       |  1723 ||  1723
  Dodge: Dodged            |    65 |   102 |   247 |   543 |   652 |   676 |   816 |  1081 |  5592 ||  9774
  Block: Buckler           |       |       |       |    13 |   275 |   321 |   391 |    56 |       ||  1056
         Kite shield       |       |       |       |       |       |       |       |   719 |  5658 ||  6377
         Reflection        |       |       |       |       |       |       |       |       |   157 ||   157
         Tower shield      |       |       |       |       |       |       |       |       |   186 ||   186
   Form: Statue            |       |       |       |       |       |       |       |       |     2 ||     2
                           |       |       |       |       |       |       |       |       |     1 ||     1

Table legend: (Time is in decaauts)
 A = Elapsed time spent in this place.
 B = Non-inter-level travel time spent in this place.
 C = Inter-level travel time spent in this place.
 D = Time resting spent in this place.
 E = Time spent auto-exploring this place.
 F = Levels seen in this place.
 G = Mean time per level.
                   A        B        C        D        E       F      G
               +--------+--------+--------+--------+--------+-----+--------+
         Total | 138648 | 115211 |  23437 |  35607 |  38416 | 114 | 1216.2 |
       Dungeon |  20598 |  13583 |   7015 |   1934 |   8271 |  15 | 1373.2 |
        Temple |     29 |     29 |      0 |      0 |      0 |   1 |   29.0 |
          Lair |   7838 |   6472 |   1366 |    835 |   3088 |   5 | 1567.6 |
         Swamp |   3918 |   3662 |    256 |   1113 |   1508 |   4 |  979.5 |
   Spider Nest |   7302 |   6573 |    729 |   2667 |   2465 |   4 | 1825.5 |
    Slime Pits |   4863 |   4537 |    326 |   2006 |   1459 |   5 |  972.6 |
  Orcish Mines |   2660 |   2116 |    544 |    946 |    685 |   2 | 1330.0 |
   Elven Halls |   5846 |   5213 |    633 |   2339 |   1902 |   3 | 1948.7 |
        Vaults |  15576 |  10396 |   5180 |   3326 |   3661 |   5 | 3115.2 |
         Crypt |   5002 |   3855 |   1147 |    949 |   1364 |   3 | 1667.3 |
          Tomb |   5216 |   4068 |   1148 |   1062 |   1122 |   3 | 1738.7 |
        Depths |   9677 |   7610 |   2067 |   3861 |   1889 |   4 | 2419.2 |
          Hell |    881 |    659 |    222 |      0 |    478 |   1 |  881.0 |
           Dis |   5140 |   4606 |    534 |   1056 |   1026 |   7 |  734.3 |
       Gehenna |   5420 |   5210 |    210 |   1660 |   1960 |   7 |  774.3 |
       Cocytus |   4842 |   4557 |    285 |   2058 |    663 |   7 |  691.7 |
      Tartarus |   5360 |   4633 |    727 |    698 |   1689 |   7 |  765.7 |
           Zot |   9709 |   8668 |   1041 |   4463 |   2111 |   5 | 1941.8 |
         Abyss |   1580 |   1580 |      0 |     68 |     21 |   6 |  263.3 |
   Pandemonium |  16303 |  16303 |      0 |   4138 |   3050 |  12 | 1358.6 |
      Ziggurat |    696 |    696 |      0 |    420 |      0 |   7 |   99.4 |
        Bazaar |    181 |    181 |      0 |      0 |      0 |   1 |  181.0 |
               +--------+--------+--------+--------+--------+-----+--------+

Top non-repeatable levels by time:
Vaults:1: 4431 daAuts
Vaults:2: 4097 daAuts
Depths:3: 3404 daAuts
  Tomb:1: 3071 daAuts
Vaults:5: 3032 daAuts
     D:9: 2971 daAuts
   Zot:5: 2927 daAuts
   Dis:7: 2914 daAuts
   Tar:7: 2860 daAuts
   Coc:7: 2826 daAuts
   Geh:7: 2796 daAuts
   Zot:4: 2693 daAuts
    D:15: 2644 daAuts
  Lair:5: 2530 daAuts
Depths:2: 2503 daAuts
